 Dungeon Crawl Stone Soup version 0.23.2 (webtiles) character file.

Game seed: 17096828154007163878

706 LabCoat the Cleaver (level 7, -1/60 HPs)
             Began as a Hill Orc Fighter on Apr 5, 2019.
             Was a Follower of Trog.
             Slain by Grinder (3 damage)
             ... on level 5 of the Dungeon.
             The game lasted 00:18:23 (4478 turns).

LabCoat the Cleaver (Hill Orc Fighter)              Turns: 4478, Time: 00:18:23

Health: -1/60      AC: 11    Str: 20    XL:     7   Next: 67%
Magic:  7/7        EV:  7    Int:  8    God:    Trog [*.....]
Gold:   331        SH:  9    Dex: 11    Spells: 6/6 levels left

rFire    + . .     SeeInvis +   a - +0 war axe
rCold    + . .     Gourm    +   c - +0 shield
rNeg     . . .     Faith    .   j - +0 chain mail
rPois    +         Spirit   .   (no helmet)
rElec    +         Reflect  .   y - +0 cloak
rCorr    +         Harm     .   t - +0 pair of gloves
MR       .....                  (no boots)
Stlth    ..........             w - amulet of the gourmand
HPRegen  0.20/turn              u - +2 ring of evasion
MPRegen  0.10/turn              n - ring of see invisible

@: resistant
A: no striking features
a: Berserk, Renounce Religion


You were on level 5 of the Dungeon.
You worshipped Trog.
Trog was aware of your devotion.
You were very full.

You visited 1 branch of the dungeon, and saw 6 of its levels.

You collected 331 gold pieces.

Inventory:

Hand Weapons
 a - a +0 war axe (weapon)
Missiles
 i - 85 bolts
Armour
 c - a +0 shield (worn)
 j - a +0 chain mail (worn)
 t - a +0 pair of gloves (worn)
 y - a +0 cloak (worn)
Jewellery
 n - a ring of see invisible (right hand)
 u - a +2 ring of evasion (left hand)
 w - an amulet of the gourmand (around neck)
Wands
 s - a wand of digging (4)
 C - a wand of iceblast (11)
Scrolls
 b - 2 scrolls of teleportation
 e - a scroll of immolation {unknown}
 g - a scroll of enchant weapon {unknown}
 h - a scroll of magic mapping
 l - 2 scrolls of remove curse
 m - a scroll of blinking {unknown}
 p - a scroll of amnesia {unknown}
Potions
 d - 2 potions of might
 o - a potion of flight
 q - 2 potions of curing {unknown}
 r - a potion of resistance
 v - a potion of agility {unknown}
 x - a potion of magic {unknown}
 z - a potion of degeneration {unknown}
 A - a potion of haste {unknown}
Comestibles
 f - 6 rations


   Skills:
 + Level 4.9 Fighting
 * Level 9.0 Axes
 + Level 4.3 Armour
 + Level 4.6 Shields


You had 6 spell levels left.
You didn't know any spells.
Your spell library contained the following spells:

 Spells                   Type           Power        Failure   Level  Hunger
 Confusing Touch          Hex            #.....       100%        1    ##.....
 Confuse                  Hex            #.......     100%        3    ####...
 Gell's Gravitas          Tloc           #.........   100%        3    ####...
 Petrify                  Tmut/Erth      #.......     100%        4    #####..
 Metabolic Englaciation   Hex/Ice        #.........   100%        5    ######.
 Yara's Violent Unravell  Hex/Tmut       #.........   100%        5    ######.


Dungeon Overview and Level Annotations

Branches:
Dungeon (6/15)             Temple (0/1) D:5

Altars:
Dithmenos
Gozag
Hepliaklqana
Nemelex Xobeh
Trog
Uskayaw
Vehumet
Wu Jian
Zin

Shops:
D:6 [

Annotations:
D:5 Grinder


Message History

There is a stone staircase leading up here.
Grinder gestures at you.
You struggle to resist.
You climb upwards.
There is a stone staircase leading down here.
You completely miss Grinder. Grinder hits you.
* * * LOW HITPOINT WARNING * * *
You slash Grinder!
Grinder is moderately wounded.
Grinder says, "There's only one good use for a tongue: cutting it out."
Grinder hits you.
* * * LOW HITPOINT WARNING * * *
You writhe in agony.
* * * LOW HITPOINT WARNING * * *
It was a potion of resistance.
You feel protected. Grinder hits you.
* * * LOW HITPOINT WARNING * * *
You writhe in agony.
You die...

##### ####### #...#
#.....#######...###
##.######...###....#
....# ##...####...#
##..## ###.### #5..#
.....# #.#.#.# #@..#
##..## #.._..# #.###
#..## #.....# #.#
#...# ###'#####.#
#...## #..#.##.#
#....# #..#.##.#
##..#.# ##.#.##.#
....#.# #.#.##.#
.#.##.## #.#.##.#


You could see Grinder.

Vanquished Creatures
  An ice beast (D:5)
  A sky beast (D:5)
  An ogre (D:5)
  A water moccasin skeleton (D:4)
  A howler monkey (D:3)
  A bullfrog skeleton (D:6)
  A hound (D:4)
  A jelly (D:3)
  Terence (D:2)
  A worker ant (D:5)
  2 hound skeletons
  A howler monkey skeleton (D:5)
  6 adders
  An adder zombie (D:3)
  5 worms
  3 dart slugs
  4 leopard geckos
  4 orcs
  8 bats
  2 giant cockroaches
  12 goblins
  4 hobgoblins
  10 jackals
  10 kobolds
  A quokka (D:2)
  10 frilled lizards
  A quokka skeleton (D:5)
  8 rats
102 creatures vanquished.

Notes
Turn   | Place    | Note
-------+----------+-------------------------------------------
     0 | D:1      | LabCoat the Hill Orc Fighter began the quest for the Orb.
     0 | D:1      | Reached XP level 1. HP: 19/19 MP: 1/1
   104 | D:1      | Reached XP level 2. HP: 18/27 MP: 2/2
   124 | D:1      | Reached skill level 3 in Axes
   398 | D:1      | Reached XP level 3. HP: 32/33 MP: 3/3
   972 | D:2      | Reached skill level 4 in Axes
  1067 | D:2      | Noticed Terence
  1076 | D:2      | Killed Terence
  1076 | D:2      | Reached XP level 4. HP: 17/40 MP: 4/4
  1584 | D:2      | Found a hazy altar of Hepliaklqana.
  1812 | D:3      | Found an ornate altar of the Wu Jian Council.
  1853 | D:3      | Reached skill level 5 in Axes
  2045 | D:3      | Found a hide-covered altar of Uskayaw.
  2082 | D:3      | Reached XP level 5. HP: 44/47 MP: 5/5
  2583 | D:3      | Reached skill level 6 in Axes
  2783 | D:4      | Found a shadowy altar of Dithmenos.
  2797 | D:4      | Reached XP level 6. HP: 53/53 MP: 6/6
  2996 | D:4      | Found a bloodstained altar of Trog.
  2999 | D:4      | Became a worshipper of Trog the Wrathful
  3057 | D:4      | Reached skill level 7 in Axes
  3143 | D:4      | Found an opulent altar of Gozag.
  3303 | D:5      | Entered Level 5 of the Dungeon
  3303 | D:5      | Noticed a sky beast
  3311 | D:5      | Killed a sky beast
  3311 | D:5      | Reached XP level 7. HP: 52/60 MP: 7/7
  3442 | D:5      | Found a staircase to the Ecumenical Temple.
  3546 | D:5      | Reached skill level 8 in Axes
  3599 | D:5      | Found a radiant altar of Vehumet.
  3665 | D:5      | Found a sparkling altar of Nemelex Xobeh.
  3977 | D:5      | Reached * piety under Trog
  4255 | D:5      | Found a glowing silver altar of Zin.
  4429 | D:6      | Reached skill level 9 in Axes
  4451 | D:6      | Found Ampuaca's Antique Armour Shop.
  4458 | D:6      | Noticed Grinder
  4478 | D:5      | HP: 2/60 [Grinder (2)]
  4478 | D:5      | Slain by Grinder

Skill      XL: |  1  2  3  4  5  6  7 |
---------------+----------------------+-----
Axes           | 3 4 5 6 7 9 |  9.0
Fighting       | 4 |  4.9
Shields        | 4 |  4.6
Armour         | 4 |  4.3

Action                   |  1- 3 |  4- 6 |  7- 9 || total
-------------------------+-------+-------+-------++-------
Melee: War axe           |   114 |   184 |    74 ||   372
Evoke: Wand              |       |       |     1 ||     1
  Use: Scroll            |     3 |     5 |     1 ||     9
       Potion            |       |     1 |     2 ||     3
  Eat: Chunk             |     1 |     7 |     2 ||    10
       Ration            |       |       |     3 ||     3
Armor: Scale mail        |    35 |       |       ||    35
       Chain mail        |    33 |   108 |    32 ||   173
Dodge: Dodged            |    28 |    54 |    19 ||   101
Block: Shield            |    66 |    98 |    37 ||   201
